 Dungeon Crawl Stone Soup version 0.31-a0-175-g9f7f995f2b (webtiles) character file.

Game seed: 14827524083178055448

336 qw the Shooter (level 6, -2/57 HPs)
             Began as a Naga Hunter on June 17, 2023.
             Slain by an orc
             ... wielding a +0 trident
              (7 damage)
             ... on level 3 of the Dungeon.
             The game lasted 00:00:34 (1299 turns).

qw the Shooter (Naga Hunter)                        Turns: 1299, Time: 00:00:35

Health: -2/57      AC:  5    Str: 13    XL:     6   Next: 54%
Magic:  6/6        EV:  9    Int: 10    God:
Gold:   77         SH:  0    Dex: 16    Spells: 5/5 levels left

rFire   . . .        Y - +3 shortbow
rCold   . . .        (shield currently unavailable)
rNeg    . . .        c - +0 leather armour
rPois   +            a - +0 helmet
rElec   .            (no cloak)
rCorr   .            d - +0 pair of gloves
SInv    +            (no barding)
Will    .....        (no amulet)
Stlth   ++           (no ring)
HPRegen 0.29/turn    (no ring)
MPRegen 0.10/turn

%: no passive effects
@: short of breath, very slow
A: AC +2, large, see invisible, deformed body, poison resistance, slowness 2,
spit poison 1, naga tail 1
a: Spit Poison


You were on level 3 of the Dungeon.
You visited 1 branch of the dungeon, and saw 3 of its levels.

You collected 77 gold pieces.


Innate Abilities, Weirdness & Mutations

Your serpentine skin is tough. (AC +2)
You have supernaturally acute eyesight. (SInv)
Armour fits poorly on your strangely shaped body.
Your system is resistant to poisons. (rPois)
You cover ground very slowly.
You can spit poison.
You have a snake-like lower body.


   Skills:
 + Level 3.8 Fighting
 - Level 6.2 Ranged Weapons
 - Level 1.5 Dodging
 - Level 1.5 Stealth


You had 5 spell levels left.
You didn't know any spells.
Your spell library was empty.

Inventory:

Hand Weapons
 Y - a +3 shortbow (weapon)
Armour
 a - a +0 helmet (worn)
 c - a +0 leather armour (worn)
 d - a +0 pair of gloves (worn)
Scrolls
 f - a scroll of identify
Potions
 i - a potion of cancellation {unknown}

Dungeon Overview and Level Annotations

Branches:
Dungeon (3/15)

Altars:


Message History

The orc priest hits you with a +0 dagger.
The orc closely misses you. x3
You shoot an arrow. The arrow hits the orc priest.
You kill the orc priest!
The orc hits you with a +0 club.
The orc hits you from afar with a +0 trident.
The orc hits you but does no damage.
You shoot an arrow. The arrow hits the orc.
The orc is heavily wounded.
The orc hits you but does no damage. The orc barely misses you. x2
You shoot an arrow. The arrow hits the orc.
You kill the orc!
The orc closely misses you.
The orc hits you from afar with a +0 trident.
You shoot an arrow. The arrow completely misses the orc.
You have got your breath back.
The orc hits you with a +0 club.
The orc hits you from afar with a +0 trident.
The orc hits you with a +0 club.
The orc hits you from afar with a +0 trident.
1296 ||| INVOKING Spit Poison.
Aiming: Spit Poison (1% risk of failure)
Press: ? - help, Shift-Dir - straight line, f/p - orc The splash of poison misses the orc.
The orc hits you with a +0 club.
The orc hits you from afar with a +0 trident.
You shoot an arrow. The arrow barely misses the orc.
The orc hits you but does no damage. The orc barely misses you.
You shoot an arrow. The arrow closely misses the orc.
You have got your breath back.
The orc hits you but does no damage.
The orc hits you from afar with a +0 trident.
1299 ||| INVOKING Spit Poison.
Aiming: Spit Poison (1% risk of failure)
Press: ? - help, Shift-Dir - straight line, f/p - orc The splash of poison hits the orc.
The orc is almost dead.
The orc hits you with a +0 club.
The orc hits you from afar with a +0 trident!
You die...

############ .
#.........)##....
#........@))..).$
#.........oo.....
###..............(.
..#............#####.
#..............#
###...##.......#
#...##.......# ...
#........)#### ...
###.......# ...


You could see 2 orcs.

Vanquished Creatures
  Sigmund (D:3)
  4 orc priests (D:3)
  An adder (D:2)
  A worm (D:3)
  2 dart slugs
  4 orcs (D:3)
  6 ball pythons
  6 bats
  4 endoplasms
  3 giant cockroaches
  4 goblins
  3 hobgoblins
  A quokka (D:1)
  3 frilled lizards
  2 kobolds
  6 rats
51 creatures vanquished.

Notes
Turn   | Place    | Note
-------+----------+-------------------------------------------
     0 | D:1      | qw the Naga Hunter began the quest for the Orb.
     0 | D:1      | Reached XP level 1. HP: 19/19 MP: 1/1
     0 | D:1      | 0 ||| qw: Version: 0.3-a-2-g5ab2908
     0 | D:1      | 0 ||| qw: Game counter: 191
     0 | D:1      | 0 ||| qw: Always use a shield: true
     0 | D:1      | 0 ||| qw: God list: Okawaru
     0 | D:1      | 0 ||| qw: Allow faded altars: false
     0 | D:1      | 0 ||| qw: Do Orc after D:15 true
     0 | D:1      | 0 ||| qw: Do second Lair branch before Depths: true
     0 | D:1      | 0 ||| qw: Lair rune preference: random
     0 | D:1      | 0 ||| qw: Plans: Normal
     0 | D:1      | 0 ||| PLANNING D:1-11
     8 | D:1      | 8 ||| INVOKING Spit Poison.
    73 | D:1      | 73 ||| INVOKING Spit Poison.
    80 | D:1      | Reached skill level 4 in Ranged Weapons
    80 | D:1      | Reached XP level 2. HP: 26/26 MP: 2/2
    90 | D:1      | 90 ||| INVOKING Spit Poison.
   101 | D:1      | 101 ||| INVOKING Spit Poison.
   113 | D:1      | 113 ||| INVOKING Spit Poison.
   153 | D:1      | 153 ||| INVOKING Spit Poison.
   170 | D:1      | 170 ||| INVOKING Spit Poison.
   177 | D:1      | 177 ||| INVOKING Spit Poison.
   242 | D:1      | 242 ||| INVOKING Spit Poison.
   246 | D:1      | 246 ||| INVOKING Spit Poison.
   256 | D:1      | 256 ||| INVOKING Spit Poison.
   307 | D:1      | 307 ||| INVOKING Spit Poison.
   334 | D:1      | 334 ||| INVOKING Spit Poison.
   337 | D:1      | 337 ||| INVOKING Spit Poison.
   370 | D:1      | 370 ||| UPGRADING to +0 pair of gloves.
   375 | D:1      | 375 ||| READING 3 scrolls labelled HIUGUPS ETUPS.
   376 | D:1      | 376 ||| READING 2 scrolls of enchant weapon.
   376 | D:1      | 376 ||| ENCHANTING +1 shortbow.
   377 | D:1      | 377 ||| READING scroll of enchant weapon.
   377 | D:1      | 377 ||| ENCHANTING +2 shortbow.
   378 | D:1      | 378 ||| READING 2 scrolls labelled ODWIAG DEMP.
   379 | D:1      | 379 ||| READING scroll labelled URUOXTERUQ.
   380 | D:1      | 380 ||| READING scroll labelled LERAOCU ZAZOTI.
   427 | D:1      | 427 ||| READING scroll labelled NOPHIEGYTA.
   432 | D:1      | 432 ||| DROPPING scroll of butterflies.
   463 | D:2      | Reached XP level 3. HP: 32/32 MP: 3/3
   509 | D:2      | 509 ||| INVOKING Spit Poison.
   532 | D:2      | Found a faded altar of an unknown god.
   550 | D:2      | 550 ||| INVOKING Spit Poison.
   555 | D:2      | 555 ||| INVOKING Spit Poison.
   672 | D:2      | 672 ||| INVOKING Spit Poison.
   739 | D:2      | 739 ||| INVOKING Spit Poison.
   764 | D:2      | 764 ||| INVOKING Spit Poison.
   770 | D:2      | 770 ||| INVOKING Spit Poison.
   775 | D:2      | Reached skill level 5 in Ranged Weapons
   779 | D:2      | Reached XP level 4. HP: 39/39 MP: 4/4
   882 | D:2      | 882 ||| INVOKING Spit Poison.
  1052 | D:2      | 1052 ||| UPGRADING to +0 helmet.
  1057 | D:2      | 1057 ||| READING scroll labelled WOAJAPS GEUR.
  1148 | D:3      | 1148 ||| INVOKING Spit Poison.
  1171 | D:3      | 1171 ||| Stepping ~*~*~tactically~*~*~ (outnumbered).
  1172 | D:3      | 1172 ||| INVOKING Spit Poison.
  1178 | D:3      | 1178 ||| INVOKING Spit Poison.
  1179 | D:3      | Reached skill level 3 in Fighting
  1179 | D:3      | Reached XP level 5. HP: 27/49 MP: 5/5
  1275 | D:3      | Noticed Sigmund
  1278 | D:3      | 1278 ||| INVOKING Spit Poison.
  1282 | D:3      | 1282 ||| INVOKING Spit Poison.
  1287 | D:3      | Killed Sigmund
  1288 | D:3      | Reached skill level 6 in Ranged Weapons
  1288 | D:3      | Reached XP level 6. HP: 43/56 MP: 6/6
  1288 | D:3      | 1288 ||| INVOKING Spit Poison.
  1289 | D:3      | 1289 ||| INVOKING Spit Poison.
  1295 | D:3      | HP: 11/57 [orc/+0 trident (4)]
  1296 | D:3      | 1296 ||| INVOKING Spit Poison.
  1298 | D:3      | HP: 5/57 [orc/+0 trident (1)]
  1299 | D:3      | 1299 ||| INVOKING Spit Poison.
  1299 | D:3      | Slain by an orc

Levels and vault maps discovered:
D:1:      wander_arrival_fairy_ring, layout_rooms
D:2:      layout_basic, hellmonk_ecumenical_altar_blasted,
          chequers_serial_rivers_large_b, st_stairs_5
D:3:      layout_basic, nemelex_spade_bored_becter, uniq_sigmund

Skill      XL: |  1  2  3  4  5 |
---------------+----------------+-----
Ranged Weapons | 4 5 6 |  6.2
Fighting       | 3 |  3.8
Dodging        | |  1.5
Stealth        | |  1.5

Action                     |  1- 3 |  4- 6 || total
---------------------------+-------+-------++-------
   Fire: Shortbow          |    52 |    34 ||    86
Ability: Spit Poison       |    21 |     9 ||    30
    Use: Scroll            |     7 |     1 ||     8
 Armour: Leather armour    |     5 |     8 ||    13
  Dodge: Dodged            |     3 |    11 ||    14

Table legend:
 A = Non-vault XP
 B = Vault XP
 C = Vault XP percentage of total XP
 D = Non-vault monster count
 E = Vault monster count
 F = Vault count percentage of total count
                 A         B        C        D         E       F
            +---------+---------+-------+---------+---------+-------
      Total |     263 |     217 |  45.2 |      48 |       3 |   5.9
            +---------+---------+-------+---------+---------+-------
        D:1 |      33 |       0 |   0.0 |      19 |       0 |   0.0
        D:2 |      47 |       3 |   6.0 |      20 |       2 |   9.1
        D:3 |     183 |     214 |  53.9 |       9 |       1 |  10.0
            +---------+---------+-------+---------+---------+-------
